Map: Nightshade LE

Players

antagomiR

  • Race: Protoss Protoss
  • League: Gold
  • Spawn Location: 11:00

HanibalBarca - Winner!

  • Race: Terran Terran
  • League: Gold
  • Spawn Location: 5:00

VOD

Have the link to the VOD?

Description

Time

  • Played on: April 18, 2020, 1:47 a.m.
  • Length: 29:35
Show
View Real Time Build Order
Export as new Build Order

antagomiR Protoss 

Build Orders:  

Get SALT Encoding   

  12  0:01  Probe  
  13  0:13  Probe  
  14  0:18  Pylon  
  14  0:25  Probe  
  15  0:40  Gateway  
  15  0:43  Probe  
  16  0:55  Probe (Chrono Boost)  
  17  0:58  Assimilator  
  17  1:08  Probe (Chrono Boost)  
  18  1:13  Assimilator  
  18  1:15  Probe  
  19  1:32  Probe  
  20  1:44  Probe, Cybernetics Core  
  21  1:52  Pylon  
  21  1:56  Probe  
  23  2:08  Probe  
  23  2:18  Warp Gate (Chrono Boost)  
  23  2:20  Probe  
  24  2:28  Robotics Facility  
  24  2:32  Probe  
  25  2:42  Adept (Chrono Boost)  
  26  2:44  Probe  
  27  2:51  Nexus  
  27  2:55  Pylon  
  27  2:56  Probe  
  28  3:03  Stalker  
  30  3:09  Probe  
  31  3:26  Gateway x2  
  31  3:28  Observer  
  31  3:34  Probe, Sentry  
  34  3:41  Pylon  
  35  3:46  Probe  
  36  3:49  Observer  
  37  3:58  Probe  
  38  4:05  Probe  
  39  4:11  Immortal  
  39  4:12  Stalker  
  45  4:22  Probe x2  
  47  4:30  Stalker  
  49  4:31  Sentry  
  49  4:34  Probe x2  
  53  4:46  Probe  
  53  4:47  Probe  
  55  4:53  Immortal  
  55  4:58  Probe  
  55  4:59  Probe  
  61  5:02  Pylon  
  61  5:05  Pylon  
  61  5:11  Probe  
  61  5:12  Pylon  
  62  5:23  Probe x2  
  64  5:28  Stalker x2  
  64  5:29  Pylon, Stalker  
  71  5:35  Probe x2  
  72  5:47  Probe  
  72  5:48  Probe  
  74  5:53  Forge  
  74  5:57  Twilight Council  
  74  5:59  Probe  
  75  6:07  Probe  
  75  6:09  Immortal  
  80  6:12  Probe  
  81  6:19  Probe  
  81  6:24  Probe  
  83  6:26  Nexus  
  83  6:29  Pylon  
  83  6:32  Pylon  
  79  6:53  Probe x2  
  81  6:57  Protoss Ground Weapons Level 1 (Chrono Boost)  
  81  7:02  Gateway x2, Blink (Chrono Boost)  
  81  7:05  Probe, Gateway x2  
  82  7:08  Gateway  
  82  7:10  Gateway  
  82  7:17  Probe x2  
  84  7:22  Pylon  
  84  7:28  Pylon  
  84  7:29  Probe x2  
  85  7:32  Pylon, Zealot x2  
  85  7:34  Immortal  
  93  7:38  Photon Cannon  
  93  7:41  Probe x3, Photon Cannon  
  96  7:53  Probe  
  96  7:54  Photon Cannon  
  96  7:56  Probe  
  98  8:00  Probe, Shield Battery  
  100  8:05  Probe  
  100  8:06  Assimilator  
  100  8:08  Probe  
  100  8:09  Assimilator  
  100  8:12  Probe  
  102  8:13  Observer  
  103  8:36  Stalker x3  
  103  8:37  Stalker x3  
  115  8:42  Probe x3  
  118  8:54  Probe x3  
  121  9:05  Assimilator  
  121  9:06  Probe, Photon Cannon  
  121  9:08  Shield Battery  
  122  9:15  Photon Cannon  
  122  9:19  Zealot x2  
  122  9:20  Assimilator  
  126  9:28  Templar Archives, Stalker x3  
  126  9:30  Stalker  
  134  9:33  Protoss Ground Weapons Level 2 (Chrono Boost)  
  134  9:43  Pylon  
  134  9:45  Pylon  
  134  9:50  Zealot x3  
  134  9:51  Zealot x4  
  151  10:18  Nexus  
  151  10:21  Pylon  
  149  10:25  Pylon  
  149  10:28  Observer  
  149  10:32  High Templar x2  
  153  10:44  Charge (Chrono Boost)  
  153  10:49  Immortal  
  157  10:50  Archon  
  157  10:51  Zealot x3  
  157  10:52  Zealot x4  
  171  11:07  Photon Cannon  
  171  11:10  Shield Battery  
  171  11:13  High Templar, Photon Cannon  
  171  11:14  High Templar x2  
  171  11:15  Photon Cannon  
  171  11:16  Zealot x2  
  181  11:20  Assimilator  
  181  11:30  Pylon  
  181  11:33  Pylon  
  181  11:40  Stalker x2  
  181  11:41  Zealot x3  
  181  11:42  Zealot  
  181  11:45  Archon  
  193  12:00  Probe  
  194  12:08  Warp Prism  
  196  12:29  High Templar x2, Assimilator  
  182  12:45  Immortal  
  174  13:04  Stalker x3  
  174  13:05  Stalker x4  
  186  13:06  Stalker x2  
  191  13:25  Archon  
  191  13:32  Protoss Ground Weapons Level 3 (Chrono Boost)  
  191  13:34  Zealot x2  
  191  13:35  Zealot x2  
  199  13:46  Stargate  
  199  13:47  Stargate  
  199  13:50  Stargate  
  199  13:54  Stargate  
  199  14:08  Nexus  
  199  14:09  Pylon  
  199  14:13  Pylon  
  199  14:16  Assimilator  
  197  14:20  Assimilator  
  197  15:13  Fleet Beacon  
  197  15:21  Probe x2  
  199  15:33  Probe  
  199  15:34  Nexus  
  200  16:18  Photon Cannon  
  200  16:22  Photon Cannon  
  162  16:25  Photon Cannon  
  162  16:30  Photon Cannon  
  162  16:32  Zealot x2  
  166  16:33  Tempest x4 (Chrono Boost), Zealot x2  
  166  16:34  Zealot  
  165  17:09  Tempest x4  
  181  17:20  Zealot x2  
  181  17:21  Zealot x4  
  181  17:22  Zealot x3  
  181  17:51  High Templar x3, Tempest x2  
  179  17:52  High Templar, Tempest  
  184  18:34  Tempest  
  192  18:56  Cybernetics Core  
  192  19:27  Pylon x2  
  192  19:29  Pylon  
  192  19:31  Pylon  
  192  19:37  Pylon  
  188  19:40  Pylon  
  188  19:43  Pylon  
  174  19:46  Pylon  
  154  20:09  Nexus  
  154  20:14  Nexus  
  139  20:36  Robotics Facility  
  134  20:44  Photon Cannon  
  134  20:49  Stalker x3  
  140  20:50  Stalker x2  
  144  21:30  Tempest  
  144  21:39  Pylon  
  129  21:42  Pylon  
  129  21:43  Pylon  
  121  21:48  Pylon  
  86  22:34  Pylon  
  86  22:40  Observer  
  82  23:01  Observer  
  56  23:46  Pylon  
  56  23:47  Observer  
  57  23:49  Tempest  
  57  23:50  Pylon  
  57  23:53  Zealot x4  
  57  23:54  Zealot x4  
  57  23:55  Zealot  
  80  23:56  Pylon  
  62  24:49  Photon Cannon  
  62  24:52  Photon Cannon  
  62  24:53  Photon Cannon  
  62  24:57  Photon Cannon  
  55  25:03  Stalker  
  55  25:05  Photon Cannon  
  55  25:06  Pylon, Zealot  
  57  25:07  Pylon, Zealot x3  
  57  25:08  Zealot x4  
  36  25:21  Observer  
  36  25:40  Zealot x3  
  36  25:41  Zealot x5  
  36  25:42  Zealot  
  54  26:02  Stalker x2  
  54  26:03  Stalker x2  
  54  26:04  Stalker  
  29  26:44  Observer  
  11  27:02  Stalker  
  11  27:03  Zealot  
  11  27:04  Zealot x4  
  11  27:05  Zealot x2, Observer  
  11  27:06  Zealot  
  22  27:25  Zealot  
  22  27:26  Zealot x4  
  22  27:27  Zealot x3  
  30  27:48  Stalker  
  30  27:49  Stalker  
  32  28:01  Stalker  
  28  28:07  Zealot  
  28  28:08  Zealot x4  
  28  28:09  Zealot  
  38  28:37  Zealot x3  
  38  28:38  Zealot x4  
  38  28:39  Zealot x2  
Show
View Real Time Build Order
Export as new Build Order

HanibalBarca Terran - Winner!

Build Orders: Mech 

Get SALT Encoding   

  12  0:08  SCV  
  13  0:19  Supply Depot  
  13  0:20  SCV  
  14  0:32  SCV  
  15  0:44  SCV  
  15  0:45  Barracks  
  16  0:56  SCV  
  17  1:08  SCV, Supply Depot  
  18  1:20  SCV  
  20  1:32  SCV  
  20  1:33  Marine  
  21  1:45  SCV  
  22  1:51  Marine  
  23  1:57  SCV  
  24  2:03  Command Center  
  24  2:08  Marine  
  24  2:09  SCV  
  24  2:13  Engineering Bay  
  26  2:20  Refinery  
  26  2:21  SCV  
  26  2:22  Refinery  
  27  2:33  SCV, Supply Depot  
  28  2:40  Bunker  
  28  2:47  Orbital Command  
  28  2:56  Missile Turret  
  28  3:08  Missile Turret  
  28  3:18  Refinery  
  28  3:22  Refinery  
  27  3:27  Planetary Fortress  
  27  3:33  SCV  
  28  3:53  SCV  
  28  3:54  Factory  
  29  4:04  SCV  
  29  4:05  SCV  
  31  4:13  Hi-Sec Auto Tracking  
  31  4:16  SCV  
  32  4:17  SCV  
  33  4:28  SCV  
  33  4:29  SCV  
  35  4:39  Sensor Tower  
  35  4:40  SCV  
  35  4:42  Sensor Tower  
  36  4:48  Starport  
  36  4:49  SCV  
  37  5:00  Reaper  
  37  5:01  SCV  
  39  5:10  Neosteel Armor  
  39  5:13  SCV  
  40  5:16  Armory  
  40  5:25  SCV  
  41  5:35  Factory Tech Lab  
  41  5:39  SCV  
  41  5:40  Starport Tech Lab  
  42  5:45  Barracks Tech Lab  
  42  5:53  Siege Tank  
  45  6:16  Starport Tech Lab  
  45  6:25  Siege Tank  
  48  6:49  Drilling Claws  
  48  6:58  Siege Tank  
  48  6:59  Missile Turret  
  51  7:04  Missile Turret  
  51  7:06  Missile Turret x2  
  51  7:08  Missile Turret  
  51  7:09  Missile Turret  
  51  7:11  Missile Turret  
  51  7:12  Missile Turret  
  51  7:23  Missile Turret  
  51  7:25  Command Center  
  51  7:26  Missile Turret  
  51  7:29  Factory  
  51  7:30  Command Center, Siege Tank  
  51  7:32  Factory  
  51  7:36  Factory  
  54  7:50  Starport Tech Lab  
  54  8:07  Barracks  
  54  8:09  Barracks x2  
  54  8:12  Starport  
  54  8:14  Starport  
  54  8:23  Ghost Academy  
  54  8:37  SCV  
  54  8:38  Mag-Field Accelerator  
  55  8:49  SCV  
  56  9:01  SCV  
  57  9:15  Widow Mine x4  
  65  9:20  Personal Cloaking  
  65  9:35  Starport Tech Lab  
  65  9:36  Widow Mine x3  
  65  9:37  Widow Mine  
  65  9:38  Starport Tech Lab  
  73  9:58  Widow Mine x4  
  81  10:04  Cloaking Field, Hyperflight Rotors  
  81  10:06  Terran Ship Weapons Level 1  
  81  10:09  Banshee  
  84  10:44  Missile Turret, Refinery  
  84  10:45  Refinery  
  84  10:46  Missile Turret x2  
  84  10:50  Sensor Tower  
  84  10:54  Missile Turret x2  
  84  10:55  Missile Turret  
  84  10:56  Sensor Tower  
  84  10:58  Refinery  
  84  11:00  Refinery  
  84  11:06  Banshee x2  
  90  11:16  SCV  
  91  11:28  SCV  
  91  11:30  Barracks Tech Lab x3  
  91  11:32  Barracks Tech Lab  
  92  11:47  SCV x2, Banshee  
  92  11:48  Banshee  
  100  12:00  Terran Vehicle Weapons Level 1  
  100  12:09  SCV  
  100  12:17  Supply Depot  
  100  12:20  Supply Depot  
  100  12:21  Supply Depot  
  100  12:24  Supply Depot  
  100  12:38  Widow Mine x2, Banshee  
  100  12:41  Raven, Banshee  
  100  12:42  Widow Mine x2  
  92  13:00  Widow Mine x2  
  92  13:03  Widow Mine x2  
  100  13:21  Widow Mine x2, Banshee  
  100  13:24  Banshee  
  100  13:25  Widow Mine x2  
  114  13:43  Widow Mine x2  
  118  13:54  Terran Ship Weapons Level 2  
  114  14:19  Missile Turret  
  113  15:01  Widow Mine x2  
  113  15:03  Widow Mine  
  116  15:17  Widow Mine  
  115  15:23  Widow Mine  
  102  15:53  Banshee x3  
  111  16:14  Ghost x3  
  109  16:35  Banshee  
  109  16:36  Banshee  
  115  16:48  Nuke  
  115  16:51  Missile Turret  
  115  16:55  Missile Turret  
  95  17:43  Widow Mine x4  
  100  18:04  Widow Mine x2  
  104  19:00  SCV  
  105  19:04  Widow Mine  
  105  19:05  Widow Mine x3  
  113  19:13  SCV  
  114  19:25  SCV  
  114  19:26  Widow Mine  
  117  19:42  Widow Mine  
  117  19:45  SCV  
  117  19:50  Widow Mine  
  117  19:52  Widow Mine  
  117  19:53  Widow Mine  
  117  19:57  SCV  
  114  20:04  Refinery  
  113  20:08  Refinery  
  108  21:06  Nuke  
  85  22:39  Banshee  
  85  22:40  Banshee x2  
  94  22:50  Ghost Academy  
  94  22:54  Command Center  
  94  22:55  Command Center  
  90  23:22  Banshee x2  
  90  23:23  Banshee  
  90  23:24  Widow Mine x3  
  101  23:47  Nuke  
  101  23:52  Widow Mine x4  
  109  24:14  Widow Mine x4  
  112  24:35  Widow Mine x4  
  118  24:57  Widow Mine  
  106  25:25  Nuke x2  
  106  25:44  Orbital Command  
  86  26:26  Banshee x2  
  86  26:27  Banshee  
  95  27:05  SCV  
  94  27:17  SCV  
  95  27:29  SCV  
  96  27:38  Widow Mine  
  96  27:39  Widow Mine x3  
  96  27:41  SCV  
  102  27:53  SCV  
  100  28:00  Widow Mine x4  
  108  28:21  Widow Mine  
  106  28:57  SCV  
  107  29:04  Widow Mine x4  
  107  29:09  SCV  
  116  29:16  Supply Depot x2  
  114  29:19  Supply Depot  
  114  29:21  SCV  
  114  29:22  Supply Depot  
Tags
 
Composition
Mech
League
GoldGold
Matchup
PvT
Replay Pack
20200422
Spawn Locations
Cross Positions
Add a new tag
Caveats
  • Supply blocks, unpowered buildings, or Contaminate may cause inaccurate times.
  • Supply counts are checked every 10 seconds.